 Dungeon Crawl Stone Soup version 0.28.0-47-ge53b351184 (webtiles) character file.

Game seed: 10003006983552870392

181 Kangaroobicon the Skirmisher (level 5, -8/33 HPs)
             Began as a Gargoyle Fighter on Apr 29, 2022.
             Mangled by a gnoll
             ... wielding a +0 halberd
              (10 damage)
             ... on level 3 of the Dungeon.
             The game lasted 00:14:20 (1795 turns).

Kangaroobicon the Skirmisher (Gargoyle Fighter)     Turns: 1795, Time: 00:14:21

Health: -8/33      AC: 12    Str: 19    XL:     5   Next: 61%
Magic:  5/5        EV:  9    Int:  9    God:
Gold:   64         SH:  4    Dex: 11    Spells: 4/4 levels left

rFire   . . .      SeeInvis .   a - +0 flail
rCold   . . .      Faith    .   c - +0 buckler
rNeg    + . .      Spirit   .   b - +0 scale mail
rPois   ∞          Reflect  .   g - +0 helmet
rElec   +          Harm     .   (no cloak)
rCorr   .          Rampage  .   (no gloves)
Will    .....                   (no boots)
Stlth   ..........              (no amulet)
HPRegen 0.11/turn               (no ring)
MPRegen 0.09/turn               (no ring)

@: no status effects
A: sickness immunity, AC +4, negative energy resistance 1, electricity
resistance, torment resistance 1, petrification resistance
a: no special abilities


You were on level 3 of the Dungeon.
You visited 1 branch of the dungeon, and saw 3 of its levels.

You collected 64 gold pieces.

Inventory:

Hand Weapons
 a - a +0 flail (weapon)
Missiles
 f - 45 stones
 l - 22 arrows
 u - 2 boomerangs (quivered)
Armour
 b - a +0 scale mail (worn)
 c - a +0 buckler (worn)
 g - a +0 helmet (worn)
Scrolls
 h - a scroll of blinking {unknown}
 j - 2 scrolls of identify {unknown}
 k - a scroll of amnesia {unknown}
 n - a scroll of acquirement {unknown}
 q - a scroll of immolation {unknown}
 s - a scroll of vulnerability {unknown}
 t - a scroll of noise {unknown}
Potions
 d - a potion of might
 e - 2 potions of attraction {unknown}
 i - 2 potions of resistance
 m - a potion of flight {unknown}
 o - a potion of magic {unknown}
 p - a potion of berserk rage {unknown}
 r - a potion of cancellation {unknown}


   Skills:
 + Level 4.3 Fighting
 + Level 4.0 Maces & Flails
 + Level 0.2 Throwing
 + Level 4.0 Armour
 + Level 0.3 Dodging
 + Level 3.7 Shields


You had 4 spell levels left.
You didn't know any spells.
Your spell library was empty.

Dungeon Overview and Level Annotations

Branches:
Dungeon (3/15)

Altars:
Uskayaw

Shops:
D:2 ?


Innate Abilities, Weirdness & Mutations

You are immune to sickness and miasma.
Your stone body is resilient. (AC +4)
You are immune to poison.
You resist negative energy. (rN+)
You are resistant to electric shocks. (rElec)
You are resistant to unholy torment.
You are immune to petrification.


Message History

The gnoll is heavily wounded.
Throw: 2 boomerangs
Press: ? - help, Q - select action, (/) - cycle Shift-Dir - straight line, f/p - gnoll
Aim: a gnoll, wielding a +0 flail (moderately wounded, 61% to hit)
You throw a boomerang. The boomerang hits the gnoll.
The gnoll is heavily wounded.
You barely miss the gnoll.
The gnoll is heavily wounded.
The gnoll hits you with a +0 flail.
You hit the gnoll.
The gnoll is almost dead.
The gnoll hits you but does no damage.
You hit the gnoll.
You kill the gnoll!
The gnoll hits you from afar with a +0 halberd.
* * * LOW HITPOINT WARNING * * *
You barely miss the gnoll.
The gnoll is moderately wounded.
The gnoll closely misses you. The gnoll hits you but does no damage.
The gnoll hits you from afar with a +0 halberd.
* * * LOW HITPOINT WARNING * * *
The gnoll barely misses you.
You hit the gnoll.
The gnoll is severely wounded.
The gnoll hits you from afar with a +0 halberd.
* * * LOW HITPOINT WARNING * * *
The gnoll hits you but does no damage.
You sock the gnoll!
You kill the gnoll!
The gnoll barely misses you.
Throw: 2 boomerangs
Press: ? - help, Q - select action, (/) - cycle Shift-Dir - straight line, f - gnoll
Aim: a gnoll, wielding a +0 halberd (moderately wounded, 61% to hit)
You throw a boomerang. The boomerang hits the gnoll.
The gnoll is severely wounded.
The gnoll hits you from afar with a +0 halberd.
* * * LOW HITPOINT WARNING * * *
You block the gnoll's attack. The gnoll hits you with a +0 halberd!
You die...

. # [.. .# ....
#.####
....#####......
...........#
.....#.....#
#..)@#..#### #
#....g...... ########
#.#....#)###..
......#
#........)....
.....#.####...##.....
....#........# .$..#
#.#.#####.#.## ....
#####.#.# #.#.# ..##
#.......#####.#.#


You could see a gnoll.

Vanquished Creatures
  4 adders
  9 gnolls (D:3)
  A dart slug (D:1)
  An orc (D:3)
  6 ball pythons
  6 bats
  2 endoplasms (D:2)
  3 giant cockroaches (D:1)
  6 hobgoblins
  8 jackals
  3 quokkas
  3 frilled lizards
  5 kobolds
  6 rats
63 creatures vanquished.

Vanquished Creatures (others)
  16 plants (D:3)
16 creatures vanquished.

Grand Total: 79 creatures vanquished

Notes
Turn   | Place    | Note
-------+----------+-------------------------------------------
     0 | D:1      | Kangaroobicon the Gargoyle Fighter began the quest for the
                  | Orb.
     0 | D:1      | Reached XP level 1. HP: 14/14 MP: 1/1
   119 | D:1      | Reached XP level 2. HP: 17/19 MP: 2/2
   129 | D:1      | Found a faded altar of an unknown god.
   325 | D:1      | You fall into a shaft and drop 1 floor!
   379 | D:2      | Found Feoclis's Magic Scroll Shoppe.
   397 | D:2      | Reached XP level 3. HP: 18/24 MP: 3/3
  1109 | D:2      | Found a hide-covered altar of Uskayaw.
  1119 | D:2      | Reached XP level 4. HP: 27/29 MP: 4/4
  1603 | D:3      | Reached XP level 5. HP: 33/33 MP: 5/5
  1795 | D:3      | Mangled by a gnoll

Illustrated notes

Levels and vault maps discovered:
D:1:      amcnicky_arrival_abandoned_market, layout_basic,
          shapermc_ecumenical_altar_starsandcircs
D:2:      layout_basic, serial_shops, shop, basic_altar
D:3:      layout_basic, minmay_misc_feat_diagonals, nicolae_grassy_gnolls,
          uniq_grinder, uniq_sigmund

Skill      XL: |  1  2  3  4  5 |
---------------+----------------+-----
Fighting       | 4 |  4.3
Maces & Flails | 3 4 |  4.0
Armour         | 4 |  4.0
Throwing       | |  0.2
Dodging        | |  0.3
Shields        | |  3.7

Action                   |  1- 3 |  4- 6 || total
-------------------------+-------+-------++-------
Melee: Flail             |    94 |    89 ||   183
Throw: Stone             |       |     7 ||     7
       Boomerang         |       |    19 ||    19
Armor: Scale mail        |    54 |    61 ||   115
Dodge: Dodged            |    45 |    50 ||    95
Block: Buckler           |    21 |    19 ||    40
